AoeStats
← Semih373

Arena

510196675Analyzed
1v1 RM · 15h ago on Sep 29, 2026· 52m 16s· 2 players
Game mode
Random Map
Map size
Tiny (2 player)
Population
200
Speed
Normal
Resources
Standard
Victory
Conquest
Starting age
Dark Age
Ending age
Imperial Age
RankedLock teamsTeams togetherTeam positionsShared explorationLock speedFull tech treeHidden civsTurbo modeCheats
Victory
Defeat
🇨🇦 Sicilians · Canada
888
+16
🇩🇪 Turks · Germany
887
-16
Semih373
11:32 Feudal Age
12:11 Double-Bit Axe
15:16 Horse Collar
17:47 Castle Age
16:15 Gold Mining
22:52 Imperial Age
24:52 Fletching
35:54 Forging
37:37 Wheelbarrow
39:20 Bloodlines
39:22 Scale Barding Armor
39:38 Bow Saw
40:37 Hand Cart
41:37 Heavy Plow
43:07 Sanctity
42:30 Heavy Camel Rider
44:21 Two-Man Saw
43:39 Husbandry
44:13 Bodkin Arrow
44:30 Stone Mining
46:38 Ballistics
47:03 Chain Barding Armor
48:28 Plate Barding Armor
49:09 Iron Casting
49:50 Bracer
Poptart#44
11:46 Feudal Age
12:45 Double-Bit Axe
17:34 Castle Age
15:29 Horse Collar
16:33 Forging
16:20 Gold Mining
16:41 Scale Mail Armor
21:16 Fletching
24:25 Heavy Plow
25:11 Wheelbarrow
28:09 Hand Cart
30:24 Bloodlines
32:45 Husbandry
39:05 Imperial Age
42:02 Iron Casting
41:43 Chain Mail Armor
41:33 Scale Barding Armor
41:17 Cavalier
42:17 Hauberk
42:07 Elite Serjeant
46:23 Blast Furnace
Connection lost

Rejoining the realm…

Still unreachable

The connection could not be restored.

Session expired

The server has moved on; the page needs a fresh start.